 Dungeon Crawl Stone Soup version 0.19-a0-252-g247cc30 (webtiles) character file.

158 Musica the Conjurer (level 5, -1/31 HPs)
             Began as an Octopode Conjurer on May 25, 2016.
             Slain by a worker ant (2 damage)
             ... on level 4 of the Dungeon.
             The game lasted 00:12:06 (3764 turns).

Musica the Conjurer (Octopode Conjurer)             Turns: 3764, Time: 00:12:06

Health: -1/31      AC:  1    Str:  8    XL:     5   Next: 40%
Magic:  1/9        EV: 12    Int: 18    God:
Gold:   72         SH:  0    Dex: 12    Spells: 2 memorised, 6 levels left

rFire  . . .     SeeInvis .     l - +0 quarterstaff
rCold  . . .     Gourm    .     (shield currently unavailable)
rNeg   . . .     Faith    .     (helmet restricted)
rPois  .         Spirit   .     (no amulet)
rElec  .         Dismiss  .     (no ring)
rCorr  .         Reflect  .     (no ring)
SustAt .         Harm     .     (no ring)
MR     .....                    (no ring)
Stlth  ++++......               (no ring)
                                (no ring)
                                (no ring)
                                (no ring)

@: lethally poisoned (-1 -> -8), not resistant to hostile enchantments, stealthy
A: almost no armour, amphibious, 8 rings, constrict 8, camouflage 1, gelatinous
body 1
a: no special abilities


You were on level 4 of the Dungeon.
You were not hungry.

You visited 1 branch of the dungeon, and saw 5 of its levels.

You collected 72 gold pieces.

Inventory:

Hand Weapons
 f - a +0 dagger
 l - a +0 quarterstaff (weapon)
Missiles
 h - 28 poisoned needles
Scrolls
 c - 5 scrolls of remove curse
 d - 4 scrolls of identify
 o - 2 scrolls of enchant armour
 q - a scroll of recharging {unknown}
Potions
 e - a potion of flight
 k - 2 potions of cure mutation
 m - 2 potions of agility
Books
 a - a book of Conjurations

   Spells                             Type                      Level
   a - Magic Dart                     Conjuration                  1
   b - Searing Ray                    Conjuration                  2
   c - Dazzling Spray                 Conjuration/Hexes            3
   d - Fulminant Prism                Conjuration/Hexes            4
   e - Iskenderun's Mystic Blast      Conjuration                  4
   f - Iskenderun's Battlesphere      Conjuration/Charms           5
Comestibles
 b - 3 bread rations
 g - 11 fruits
 i - a slice of pizza
 j - 2 meat rations
 p - 6 chunks of flesh


   Skills:
 + Level 2.3 Dodging
 - Level 3.9 Stealth
 * Level 3.1 Spellcasting
 + Level 4.9 Conjurations
 * Level 1.5 Hexes


You had 6 spell levels left.
You knew the following spells:

 Your Spells              Type           Power        Failure   Level  Hunger
a - Magic Dart            Conj           ###.         1%          1    None
b - Dazzling Spray        Conj/Hex       ##....       14%         3    ###....


Dungeon Overview and Level Annotations

Branches:
Dungeon (5/15)
 Temple: D:4-7

Altars:
Ru


Innate Abilities, Weirdness & Mutations

You cannot wear most types of armour.
You are amphibious.
You can wear up to eight rings at the same time.
You can use your tentacles to constrict eight enemies at once.
Your skin changes colour to match your surroundings (Stealth+).
Your rubbery body absorbs attacks. (AC +1)


Message History

Press: ? - help, Shift-Dir - straight line, f/p - worker ant
Aim: a worker ant (severely wounded)
The magic dart hits the worker ant.
The worker ant is almost dead.
* * * LOW HITPOINT WARNING * * *
You feel sick. The worker ant bites you.
* * * LOW HITPOINT WARNING * * *
Drink which item? (? for menu, Esc to quit)
It was a potion of cancellation.
You feel magically purged.
* * * LOW HITPOINT WARNING * * *
You feel sick. The worker ant bites you.
* * * LOW HITPOINT WARNING * * *
Drink which item? (? for menu, Esc to quit)
Okay, then.
Read which item? (? for menu, Esc to quit)
As you read the scroll labeled WER QABODUX, it crumbles to dust.
It is a scroll of enchant armour.
You aren't carrying any armour which can be enchanted further.
The worker ant bites you.
You die...

###... .#...# . ....+
#. ...# .. #.. #..#
##### .. #..##..##
##...# .. +.......#
#..... #(....a@#
#..... #..##..## ..
#...<# ##.>#
...##...# #...+
...##...# #...# .....
........# #...##....#
........+ ##..##....#
...##...# #..##....#
...##...#
##..##?...#....#.....


You could see a worker ant.

Vanquished Creatures
  Robin (D:2)
  7 adders
  3 dart slugs
  2 giant geckos
  An orc (D:3)
  3 giant cockroaches
  12 goblins
  12 hobgoblins
  9 jackals
  5 kobolds
  2 quokkas (D:2)
  4 bats (D:1)
  5 giant newts
  7 rats
73 creatures vanquished.

Notes
Turn   | Place    | Note
--------------------------------------------------------------
     0 | D:1      | Musica the Octopode Conjurer began the quest for the Orb.
     0 | D:1      | Reached XP level 1. HP: 11/11 MP: 3/3
   323 | D:2      | Found a sacrificial altar of Ru.
   594 | D:1      | Reached XP level 2. HP: 17/17 MP: 3/5
  1238 | D:2      | Reached XP level 3. HP: 21/21 MP: 4/6
  1243 | D:2      | Learned a level 3 spell: Dazzling Spray
  1794 | D:2      | Noticed Robin
  1834 | D:2      | Reached XP level 4. HP: 24/27 MP: 4/7
  2508 | D:2      | Killed Robin
  2508 | D:2      | Reached skill level 1 in Hexes
  3049 | D:3      | Reached XP level 5. HP: 31/31 MP: 2/9
  3750 | D:5      | Entered Level 5 of the Dungeon
  3763 | D:4      | HP: 1/31 [worker ant (3)]
  3764 | D:4      | Slain by a worker ant

Vault maps used:
D:1:      wheals_arrival_shading
D:2:      serial_co_window_serial, co_window_paths_b, co_window_corner_a,
          co_window_paths_a, co_window_corner_a, co_window_paths_a,
          co_window_corner_a, co_window_of_opportunity_a, co_window_cross_3,
          co_window_paths_c, co_window_unsneaky_path_e, co_window_corner_b,
          co_window_of_opportunity_c, co_window_4corner_b, glass_columns_b,
          nicolae_ru_sacrificial_ziggurat, uniq_robin
D:4:      old_standard_altar, minitemple, first_bread
D:5:      nicolae_overflow_hidden_temple, grunt_dithmenos_smoke

Skill      XL: |  1  2  3  4  5 |
---------------+----------------+-----
Stealth        | 3 |  3.9
Hexes          | 1 |  1.5
Spellcasting   | 3 |  3.1
Dodging        | |  2.3
Conjurations   | |  4.9

Action                   |  1- 3 |  4- 6 || total
-------------------------+-------+-------++-------
Melee: Unarmed           |     5 |       ||     5
       Constrict         |     6 |     3 ||     9
       Dagger            |    25 |     9 ||    34
       Tentacles         |     2 |     1 ||     3
       Quarterstaff      |       |     6 ||     6
Throw: Javelin           |       |     4 ||     4
 Cast: Magic Dart        |    32 |    74 ||   106
       Dazzling Spray    |       |     4 ||     4
  Use: Scroll            |       |     5 ||     5
       Potion            |       |     4 ||     4
 Stab: Sleeping          |    11 |     3 ||    14
  Eat: Chunk             |     3 |     7 ||    10
Armor: Skin              |     1 |     4 ||     5
Dodge: Dodged            |     8 |    18 ||    26
